 Dungeon Crawl Stone Soup version 0.26.1-2-gb8aa6d0cf2 (webtiles) character file.

Game seed: 3407238608037040636

4325 nightchill the Spear-Bearer (level 10, -2/83 HPs)
             Began as a Merfolk Fighter on Mar 25, 2021.
             Was a Believer of Zin.
             Slain by a blink frog (6 damage)
             ... on level 1 of the Lair of Beasts.
             The game lasted 00:17:10 (10204 turns).

nightchill the Spear-Bearer (Merfolk Fighter)      Turns: 10204, Time: 00:17:11

Health: -2/83      AC: 10    Str: 23    XL:     10   Next: 33%
Magic:  14/14      EV:  8    Int:  9    God:    Zin [**....]
Gold:   393        SH: 10    Dex: 15    Spells: 9/9 levels left

rFire    . . .     SeeInvis .   a - +0 trident
rCold    + . .     Faith    .   c - +0 kite shield
rNeg     . . .     Spirit   .   y - +0 ring mail
rPois    ∞         Reflect  .   (no helmet)
rElec    .         Harm     .   (no cloak)
rCorr    .         Rampage  .   D - +0 pair of gloves
Will     .....                  (no boots)
Stlth    +.........             (no amulet)
HPRegen  0.23/turn              E - +4 ring of protection
MPRegen  0.14/turn              m - ring of protection from cold

@: vitalised
A: change form in water, swift swim, stealthy swim
a: Renounce Religion, Recite, Vitalisation, Donate Gold


You were on level 1 of the Lair of Beasts.
You worshipped Zin.
Zin was pleased with you.
You visited 3 branches of the dungeon, and saw 10 of its levels.

You collected 436 gold pieces.
You donated 43 gold pieces to Zin.

Inventory:

Hand Weapons
 a - a +0 trident (weapon)
Missiles
 q - 14 boomerangs (quivered)
Armour
 b - a +0 scale mail
 c - a +0 kite shield (worn)
 y - a +0 ring mail (worn)
 D - a +0 pair of gloves (worn)
Jewellery
 d - a +6 ring of dexterity
 m - a ring of protection from cold (right hand)
 o - an uncursed ring of protection from cold
 r - an uncursed ring of stealth
 s - an uncursed ring of see invisible
 E - a +4 ring of protection (left hand)
Wands
 x - a wand of iceblast (9)
 C - a wand of digging (3)
Scrolls
 f - 7 scrolls of remove curse
 i - 5 scrolls of enchant weapon {unknown}
 l - 4 scrolls of blinking {unknown}
 n - 2 scrolls of identify
 p - 3 scrolls of amnesia {unknown}
 u - 3 scrolls of teleportation {unknown}
 v - 3 scrolls of immolation {unknown}
 B - a scroll of magic mapping {unknown}
 F - a scroll of silence {unknown}
Potions
 e - 3 potions of haste
 h - a potion of brilliance {unknown}
 j - 2 potions of cancellation
 k - 4 potions of curing
 t - 5 potions of flight
 w - a potion of invisibility
 G - a potion of might


   Skills:
 + Level 9.1 Fighting
 - Level 14.0 Polearms
 + Level 3.0 Armour
 * Level 5.0 Shields
 * Level 5.9 Invocations


You had 9 spell levels left.
You didn't know any spells.
Your spell library contained the following spells:

 Spells                   Type           Power        Failure   Level
 Animate Skeleton         Necr           0%           93%         1
 Apportation              Tloc           0%           93%         1
 Corona                   Hex            0%           93%         1
 Summon Small Mammal      Summ           0%           93%         1


Dungeon Overview and Level Annotations

Branches:
Dungeon (8/15)             Temple (1/1) D:5            Lair (1/6) D:8

Altars:
Ashenzari
Dithmenos
Elyvilon
Fedhas
Hepliaklqana
Kikubaaqudgha
Makhleb
Okawaru
Qazlal
Ru
Sif Muna
Trog
Uskayaw
Vehumet
Wu Jian
Xom
Yredelemnul
Zin
The Shining One

Shops:
D:5 *

Annotations:
D:7 exclusion: 2 downstairs


Message History

The blink frog blinks!
The blink frog closely misses you.
Okay, then.
You closely miss the blink frog.
The blink frog is moderately wounded.
You block the blink frog's attack.
You closely miss the blink frog.
The blink frog is moderately wounded.
The blink frog misses you.
You closely miss the blink frog.
The blink frog is moderately wounded.
The blink frog blinks!
The blink frog hits you!
* * * LOW HITPOINT WARNING * * *
Aiming: Iceblast
Press: ? - help, Shift-Dir - straight line, f - blink frog
Aim: a blink frog (moderately wounded)
Okay, then.
You hit the blink frog but do no damage.
The blink frog is moderately wounded.
The blink frog hits you.
You die...

#### ##..## #....###
##......##### ##
.......§FF#.## #.#
......F......## #.#
###...##P..#..###.#
##.....#..##.###@#
........#.##†##F##
........#.##.#.##
##........##.†##
##........##§##
#...<........#
#.##.P...#F..#####P#
#................
#.##..##..########


You could see 2 blink frogs.

Vanquished Creatures
  A death yak (D:7)
  A cane toad (Lair:1)
  A hornet (D:8)
  A blink frog (Lair:1)
  Sigmund (D:5)
  A wyvern (D:7)
  Menkaure (D:6)
  Edmund (D:6)
  Duvessa (D:5)
  A water moccasin (D:8)
  A sky beast (D:7)
  2 ogres
  A phantom (D:4)
  3 centaurs
  A big kobold (D:7)
  A bullfrog (D:6)
  Dowan (D:5)
  A water moccasin zombie (D:7)
  3 scorpions
  3 wights (D:8)
  5 howler monkeys
  A bullfrog zombie (D:8)
  A centaur zombie (D:6)
  A hound (D:7)
  4 orc priests
  An iguana (D:4)
  9 orc wizards
  7 worker ants
  2 hound zombies
  A worker ant zombie (D:5)
  A howler monkey skeleton (D:4)
  11 adders
  4 gnolls (D:5)
  2 white imps (D:6)
  2 ufetubi
  2 oozes
  3 worms
  2 dart slugs
  6 leopard geckos
  31 orcs
  4 giant cockroaches
  9 goblins
  7 hobgoblins
  13 jackals
  2 quokkas
  4 ball pythons
  15 bats
  8 frilled lizards
  A jackal skeleton (D:6)
  8 kobolds
  A leopard gecko skeleton (D:7)
  8 rats
203 creatures vanquished.

Vanquished Creatures (others)
  A human (D:2)
  An orc wizard (D:6)
  A plant (Lair:1)
3 creatures vanquished.

Grand Total: 206 creatures vanquished

Notes
Turn   | Place    | Note
-------+----------+-------------------------------------------
     0 | D:1      | nightchill the Merfolk Fighter began the quest for the Orb.
     0 | D:1      | Reached XP level 1. HP: 18/18 MP: 1/1
    75 | D:1      | Reached XP level 2. HP: 22/24 MP: 2/2
   159 | D:1      | Reached skill level 4 in Polearms
   404 | D:1      | Reached XP level 3. HP: 30/30 MP: 3/3
   718 | D:2      | Reached skill level 5 in Polearms
  1098 | D:2      | Reached XP level 4. HP: 37/37 MP: 4/4
  1125 | D:2      | Found an ancient bone altar of Kikubaaqudgha.
  1238 | D:2      | Noticed a human
  1240 | D:2      | Killed a human
  1706 | D:2      | Reached skill level 6 in Polearms
  2087 | D:3      | Reached XP level 5. HP: 38/43 MP: 5/5
  2275 | D:3      | Found a faded altar of an unknown god.
  2508 | D:3      | Reached skill level 7 in Polearms
  3101 | D:4      | Reached XP level 6. HP: 50/50 MP: 6/6
  3158 | D:4      | Reached skill level 5 in Fighting
  3486 | D:4      | Reached skill level 8 in Polearms
  4031 | D:4      | You fall into a shaft and drop 3 floors!
  4124 | D:7      | Reached XP level 7. HP: 46/56 MP: 7/7
  4244 | D:7      | Reached skill level 9 in Polearms
  4625 | D:6      | Reached skill level 10 in Polearms
  4752 | D:6      | Reached XP level 8. HP: 30/65 MP: 8/8
  5011 | D:6      | Noticed Menkaure
  5015 | D:6      | Killed Menkaure
  5016 | D:6      | Reached skill level 11 in Polearms
  5026 | D:5      | Entered Level 5 of the Dungeon
  5057 | D:5      | Noticed Sigmund
  5421 | D:5      | Killed Sigmund
  5442 | D:5      | Reached skill level 12 in Polearms
  5535 | D:5      | Found an iron altar of Okawaru.
  6480 | D:5      | Noticed Duvessa
  6493 | D:5      | Killed Duvessa
  6494 | D:5      | Reached skill level 13 in Polearms
  6494 | D:5      | Reached XP level 9. HP: 65/74 MP: 9/9
  6506 | D:5      | Noticed Dowan
  6518 | D:5      | Killed Dowan
  6616 | D:5      | Found a staircase to the Ecumenical Temple.
  6626 | Temple   | Entered the Ecumenical Temple
  6646 | Temple   | Became a worshipper of Zin the Law-Giver
  6646 | Temple   | Reached * piety under Zin
  6778 | D:5      | Reached ** piety under Zin
  6954 | D:5      | Found Laelua's Luxury Loot.
  7070 | D:6      | Reached skill level 1 in Invocations
  7469 | D:6      | Noticed Edmund
  7498 | D:6      | Killed Edmund
  9147 | D:8      | Found an iron altar of Okawaru.
  9197 | D:8      | Reached skill level 14 in Polearms
  9313 | D:8      | Noticed a hornet
  9339 | D:8      | Killed a hornet
  9703 | D:8      | Noticed a death yak
  9703 | D:8      | Noticed a death yak
  9706 | D:8      | Noticed a death yak
  9730 | D:7      | Killed a death yak
  9731 | D:7      | Reached skill level 5 in Invocations
  9731 | D:7      | Reached XP level 10. HP: 17/83 MP: 12/14
 10100 | D:8      | Found a staircase to the Lair.
 10113 | Lair:1   | Entered Level 1 of the Lair of Beasts
 10140 | Lair:1   | Noticed a cane toad
 10169 | Lair:1   | Killed a cane toad
 10182 | Lair:1   | HP: 4/83 [blink frog (11)]
 10190 | Lair:1   | Reached skill level 5 in Shields
 10201 | Lair:1   | HP: 4/83 [blink frog (7)]
 10204 | Lair:1   | Slain by a blink frog

Illustrated notes

Levels and vault maps discovered:
D:1:      lemuel_arrival_muddy, layout_rooms
D:2:      layout_rooms, tgw_kikubaaqudgha
D:3:      layout_loops_ring, chequers_ecumenical_altar_simple_redux
D:4:      layout_rooms
D:5:      layout_loops_ring, kennysheep_little_box,
          minmay_temple_entry_proselytizer, nicolae_alphabet_shops,
          uniq_duvessa, uniq_sigmund
D:6:      minmay_flawed_box, layout_loops_ring, uniq_menkaure, uniq_edmund
D:7:      layout_basic
D:8:      layout_cave_pools, chequers_temple_overflow_minitemple,
          dpeg_lair_monsters, basic_altar
Temple:   compressed_dpeg_circular_temple
Lair:1:   layout_loops_ring, chequers_serial_rivers_micro_a,
          serial_bayou_pond_c, minivault_26, grunt_megastairs_1, uniq_grum

Skill      XL: |  1  2  3  4  5  6  7  8  9 10 |
---------------+-------------------------------+-----
Polearms       | 4 5 6 7 8 10 13 14 | 14.0
Fighting       | 4 5 6 7 9 |  9.1
Invocations    | 5 |  5.9
Shields        | 4 5 |  5.0
Armour         | 3 |  3.0

Action                   |  1- 3 |  4- 6 |  7- 9 | 10-12 || total
-------------------------+-------+-------+-------+-------++-------
Melee: Trident           |   115 |   273 |   472 |    53 ||   913
Invok: Recite            |       |       |    12 |       ||    12
       Vitalisation      |       |       |     2 |     1 ||     3
Evoke: Wand              |       |       |     3 |     1 ||     4
  Use: Potion            |       |     3 |     2 |     3 ||     8
       Scroll            |       |       |    10 |       ||    10
Armor: Scale mail        |    33 |    74 |       |       ||   107
       Ring mail         |       |    19 |   102 |    14 ||   135
Dodge: Dodged            |    25 |    63 |    99 |     6 ||   193
Block: Kite shield       |    41 |   108 |   148 |    21 ||   318
